AoeStats
← Fulcrum

Arena

510022578Analyzed
1v1 RM · 3d ago on Sep 29, 2026· 72m 31s· 2 players
Game mode
Random Map
Map size
Tiny (2 player)
Population
200
Speed
Normal
Resources
Standard
Victory
Conquest
Starting age
Dark Age
Ending age
Imperial Age
RankedLock teamsTeams togetherTeam positionsShared explorationLock speedFull tech treeHidden civsTurbo modeCheats
Victory
Defeat
🇨🇴 Slavs · Colombia
1189
+15
🇺🇸 Spanish · United States
1159
-15
Fulcrum
10:17 Feudal Age
8:34 Loom
13:55 Castle Age
12:33 Padded Archer Armor
12:32 Horse Collar
13:15 Fletching
18:09 Leather Archer Armor
37:25 Imperial Age
35:13 Bodkin Arrow
40:17 Bracer
40:48 Ring Archer Armor
45:04 Devotion
53:59 Bloodlines
53:58 Husbandry
60:34 Light Cavalry
63:30 Hussar
64:59 Scale Barding Armor
66:27 Double-Bit Axe
67:48 Chain Barding Armor
69:14 Forging
javier.romero.puentes
10:48 Feudal Age
14:32 Castle Age
12:45 Horse Collar
14:32 Light Cavalry
17:31 Loom
17:44 Double-Bit Axe
20:17 Sanctity
23:19 Husbandry
25:14 Fletching
26:02 Gold Mining
29:40 Bodkin Arrow
33:53 Gold Shaft Mining
36:08 Wheelbarrow
39:07 Scale Barding Armor
41:45 Chain Barding Armor
44:07 Elite Skirmisher
45:14 Hand Cart
50:42 Imperial Age
48:35 Padded Archer Armor
50:43 Leather Archer Armor
52:31 Ring Archer Armor
53:02 Capped Ram
54:10 Forging
54:22 Bloodlines
54:33 Heavy Plow
56:32 Bow Saw
57:18 Ballistics
58:13 Plate Barding Armor
60:06 Chemistry
62:07 Scale Mail Armor
63:42 Crop Rotation
63:08 Pikeman
64:24 Squires
66:42 Chain Mail Armor
66:30 Town Watch
68:02 Iron Casting
67:58 Stone Mining
Connection lost

Rejoining the realm…

Still unreachable

The connection could not be restored.

Session expired

The server has moved on; the page needs a fresh start.